cohdb
Replays
Latest Replays
All Replays
Popular Replays
Top Player Replays
Match Explorer
How It Works
Community
CoH3 Stats
Reddit
Sign in to upload your games and track your stats! →
Sign in with Steam
Match 41524465
Unlisted
Match 41524465
Overview
Messages
Build Orders
End
Construct Barracks
Selects Heavy Weapons
Riflemen Squad
Riflemen Squad
M1 Mortar Team
Construct Weapon Support Center
M1919 Machine Gun Team
Grenade Package
Selects M2HB .50cal Heavy Machine Gun
Infantry Support Center
Construct Medical Station
Construct Motor Pool
M1 Anti-tank Gun Team
Engineer Squad
M3 Armored Personnel Carrier
Selects Assault Carriers
Advanced Logistics
Selects Halftrack Strongpoints
M1918 Browning Automatic Rifles
Construct Tank Depot
Selects Towed M5 3-inch Anti-tank Gun
Towed M5 3-inch Anti-tank Gun
Towed M5 3-inch Anti-tank Gun
OrangeLightning
Scorpionking
Overby
UH|dun! ツ
UH|ck
iceman
0
0
Comments
sign in to comment!
No comments posted yet!